 Dungeon Crawl Stone Soup version 0.31-a0-691-g409c26aa35 (webtiles) character file.

Game seed: 590773014591348197

84 GloriousHammer the Grave Robber (level 4, -1/30 HPs)
             Began as a Human Necromancer on Sept 6, 2023.
             Slain by a gnoll
             ... wielding a +0 spear
              (9 damage)
             ... on level 2 of the Dungeon.
             The game lasted 00:05:45 (1812 turns).

GloriousHammer the Grave Robber (Human Necromancer) Turns: 1812, Time: 00:05:46

Health: -1/30      AC:  2    Str:  9    XL:     4   Next: 72%
Magic:  10/17      EV: 12    Int: 17    God:
Gold:   59         SH:  0    Dex: 13    Spells: 1/9 levels left

rFire   . . .        c - +0 short sword
rCold   . . .        (no shield)
rNeg    . . .        a - +0 robe
rPois   .            (no helmet)
rElec   .            (no cloak)
rCorr   .            (no gloves)
SInv    .            (no boots)
Will    .....        (no amulet)
Stlth   ++           M - ring of magical power
HPRegen 0.25/turn    (no ring)
MPRegen 0.15/turn

%: no passive effects
@: no status effects
A: no striking features
a: no special abilities


You were on level 2 of the Dungeon.
You visited 1 branch of the dungeon, and saw 2 of its levels.

You collected 59 gold pieces.

Inventory:

Hand Weapons
 c - a +0 short sword (weapon)
Missiles
 k - 5 javelins
Armour
 a - a +0 robe (worn)
 j - a +0 ring mail
Jewellery
 M - a ring of magical power (left hand)
Wands
 h - a wand of iceblast (3)
Scrolls
 e - a scroll of silence {unknown}
 f - a scroll of torment {unknown}
 g - a scroll of poison {unknown}
 i - a scroll of identify {unknown}
 l - a scroll of enchant armour {unknown}
Potions
 b - a potion of magic
 d - a potion of lignification {unknown}


   Skills:
 + Level 0.9 Long Blades
 - Level 2.0 Dodging
 - Level 2.0 Stealth
 + Level 3.1 Spellcasting
 + Level 4.9 Necromancy


You had one spell level left.
You knew the following spells:

 Your Spells              Type           Power      Damage    Failure   Level
a - Necrotise             Necr           76%        1d7       2%          1
b - Vampiric Draining     Necr           19%        2d7       7%          3
c - Animate Dead          Necr           19%        N/A       22%         4

Your spell library contained the following spells:

 Spells                   Type           Power      Damage    Failure   Level
 Agony                    Necr           19%        N/A       54%         5


Dungeon Overview and Level Annotations

Branches:
Dungeon (2/15)

Altars:
Gozag

Annotations:
D:1 exclusion: downstairs


Message History

Confirm with . or Enter, or press ? or * to list all spells.
Aiming: Necrotise (safe; 2% risk of failure)
Press: ? - help, Shift-Dir - straight line, f - dart slug
Aim: a dart slug (asleep, chance to affect: 88%)
The dart slug writhes in agony.
The dart slug launches a dart at you. The slug dart misses you.
Casting: Necrotise (safe; 2% risk of failure)
Confirm with . or Enter, or press ? or * to list all spells.
Aiming: Necrotise (safe; 2% risk of failure)
Press: ? - help, Shift-Dir - straight line, f/p - dart slug
Aim: a dart slug (severely wounded, chance to affect: 88%)
The dart slug writhes in agony.
You kill the dart slug!
Found a scroll labelled NYMAFR YTUCLO.
You see here 5 javelins.
k - 5 javelins
l - a scroll labelled NYMAFR YTUCLO Magic restored.
A gnoll is nearby!
A gnoll is nearby!
The gnoll shouts!
You hear a shout!
Casting: Necrotise (safe; 2% risk of failure)
Confirm with . or Enter, or press ? or * to list all spells.
Aiming: Necrotise (safe; 2% risk of failure)
Press: ? - help, Shift-Dir - straight line, f - gnoll
Aim: a gnoll, wielding a +0 spear (chance to affect: 83%)
The gnoll writhes in agony.
The gnoll attacks as it pursues you!
The gnoll hits you from afar with a +0 spear.
The gnoll attacks as it pursues you! The gnoll barely misses you.
There is a stone staircase leading up here.
Casting: Necrotise (safe; 2% risk of failure)
Confirm with . or Enter, or press ? or * to list all spells.
Aiming: Necrotise (safe; 2% risk of failure)
Press: ? - help, Shift-Dir - straight line, f/p - gnoll
Aim: a gnoll, wielding a +0 spear (moderately wounded, chance to affect: 83%)
The gnoll writhes in agony!
The gnoll completely misses you.
Casting: Necrotise (safe; 2% risk of failure)
Confirm with . or Enter, or press ? or * to list all spells.
Aiming: Necrotise (safe; 2% risk of failure)
Press: ? - help, Shift-Dir - straight line, f/p - gnoll
Aim: a gnoll, wielding a +0 spear (severely wounded, chance to affect: 83%)
The gnoll writhes in agony.
You kill the gnoll!
The dead are walking!
The gnoll completely misses your gnoll skeleton.
Casting: Necrotise (safe; 2% risk of failure)
Confirm with . or Enter, or press ? or * to list all spells.
Aiming: Necrotise (safe; 2% risk of failure)
Press: ? - help, Shift-Dir - straight line, f - gnoll
Aim: a gnoll, wielding a +0 spear (ally target, chance to affect: 84%)
The gnoll writhes in agony.
The gnoll hits you from afar with a +0 spear.
Your gnoll skeleton hits the gnoll.
Casting: Necrotise (safe; 2% risk of failure)
Confirm with . or Enter, or press ? or * to list all spells.
Aiming: Necrotise (safe; 2% risk of failure)
Press: ? - help, Shift-Dir - straight line, f/p - gnoll
Aim: a gnoll, wielding a +0 spear (lightly wounded, ally target, chance to affect: 84%)
The gnoll writhes in agony!
The gnoll hits you but does no damage.
Your gnoll skeleton hits the gnoll but does no damage.
Casting: Necrotise (safe; 2% risk of failure)
Confirm with . or Enter, or press ? or * to list all spells.
Aiming: Necrotise (safe; 2% risk of failure)
Press: ? - help, Shift-Dir - straight line, f/p - gnoll
Aim: a gnoll, wielding a +0 spear (severely wounded, ally target, chance to affect: 84%)
The gnoll writhes in agony.
You kill the gnoll!
The dead are walking!
Your gnoll skeleton hits the gnoll but does no damage.
The gnoll hits you from afar with a +0 spear.
Your gnoll skeleton closely misses the gnoll.
You see here a +0 spear.
Casting: Necrotise (safe; 2% risk of failure)
Confirm with . or Enter, or press ? or * to list all spells.
Aiming: Necrotise (safe; 2% risk of failure)
Press: ? - help, Shift-Dir - straight line, f - gnoll
Aim: a gnoll, wielding a +0 spear (ally target, chance to affect: 84%)
The gnoll writhes in agony.
The gnoll hits you from afar with a +0 spear!
Your gnoll skeleton barely misses the gnoll.
Casting: Necrotise (safe; 2% risk of failure)
Confirm with . or Enter, or press ? or * to list all spells.
Aiming: Necrotise (safe; 2% risk of failure)
Press: ? - help, Shift-Dir - straight line, f/p - gnoll
Aim: a gnoll, wielding a +0 spear (heavily wounded, ally target, chance to affect: 84%)
The gnoll writhes in agony.
The gnoll hits you from afar with a +0 spear.
* * * LOW HITPOINT WARNING * * *
Your gnoll skeleton hits the gnoll.
Your gnoll skeleton barely misses the gnoll.
Casting: Necrotise (safe; 2% risk of failure)
Confirm with . or Enter, or press ? or * to list all spells.
Aiming: Necrotise (safe; 2% risk of failure)
Press: ? - help, Shift-Dir - straight line, f/p - gnoll
Aim: a gnoll, wielding a +0 spear (almost dead, not watching you, ally target, chance to affect: 84%)
The gnoll barely resists.
The gnoll hits you from afar with a +0 spear!
You die...

##....# ##..................#
..#....###..................##
.......#..................##
###.......##.##..#######.##
.###.........#.......## #.#
.#.............Z.#.#..## #.# .
........###.gZ.......# ##.# #
#.......# #..).......# #..# #
#....#### #...@.<....# #.## #
#.... #.###.###.####.# # #...
#.# #.# #...##.### # #..
######.###.####.......# .##..
#.......##..###.......# ....
#.............#.......# ###.
.........♣♣♣♣♣♣........# ..
##.......♣ ♣♣.......# .##
.........♣ ♣♣.......#


You could see a gnoll (ally target) and 2 friendly gnoll skeletons.

Vanquished Creatures
  3 gnolls
  A dart slug (D:2)
  5 endoplasms
  2 giant cockroaches (D:1)
  A goblin (D:1)
  7 hobgoblins
  8 jackals (D:1)
  6 kobolds
  A quokka (D:1)
  5 ball pythons (D:1)
  3 bats
  2 frilled lizards (D:1)
  A rat (D:2)
45 creatures vanquished.

Vanquished Creatures (collateral kills)
  An endoplasm (D:1)
1 creature vanquished.

Grand Total: 46 creatures vanquished

Notes
Turn   | Place    | Note
-------+----------+-------------------------------------------
     0 | D:1      | GloriousHammer the Human Necromancer began the quest for
                  | the Orb.
     0 | D:1      | Reached XP level 1. HP: 13/13 MP: 3/3
   102 | D:1      | Reached XP level 2. HP: 13/19 MP: 0/5
   511 | D:1      | Reached XP level 3. HP: 24/24 MP: 3/6
   515 | D:1      | Learned a level 3 spell: Vampiric Draining
   674 | D:1      | You fall into a shaft and drop 1 floor!
  1152 | D:1      | Reached XP level 4. HP: 29/30 MP: 8/8
  1588 | D:1      | Learned a level 4 spell: Animate Dead
  1642 | D:2      | Found an opulent altar of Gozag.
  1812 | D:2      | Slain by a gnoll

Illustrated notes

Levels and vault maps discovered:
D:1:      nicolae_arrival_memento_mori, layout_basic
D:2:      layout_rooms, basic_altar, nrook_campfire, nicolae_figureground_pulse

Skill      XL: |  1  2  3  4 |
---------------+-------------+-----
Spellcasting   | 3 |  3.1
Long Blades    | |  0.9
Dodging        | |  2.0
Stealth        | |  2.0
Necromancy     | |  4.9

Action                     |  1- 3 |  4- 6 || total
---------------------------+-------+-------++-------
  Melee: Unarmed           |     6 |       ||     6
         Short sword       |    50 |     8 ||    58
   Cast: Necrotise         |    54 |    13 ||    67
         Vampiric Draining |     1 |     2 ||     3
   Stab: Sleeping          |     1 |       ||     1
 Armour: Robe              |    34 |    10 ||    44
  Dodge: Dodged            |    43 |     8 ||    51

Table legend: (Time is in decaauts)
 A = Elapsed time spent in this place.
 B = Non-inter-level travel time spent in this place.
 C = Inter-level travel time spent in this place.
 D = Time resting spent in this place.
 E = Time spent auto-exploring this place.
 F = Levels seen in this place.
 G = Mean time per level.
                   A        B        C        D        E       F      G
               +--------+--------+--------+--------+--------+-----+--------+
         Total |   1811 |   1702 |    109 |     17 |   1129 |   2 |  905.5 |
       Dungeon |   1811 |   1702 |    109 |     17 |   1129 |   2 |  905.5 |
               +--------+--------+--------+--------+--------+-----+--------+

Top non-repeatable levels by time:
     D:1: 1583 daAuts
     D:2: 227 daAuts
